 Dungeon Crawl Stone Soup version 0.24.0-13-gcf9b3192b9 (webtiles) character file.

Game seed: 9056809674862257392, levelgen mode: deterministic

246 Descartes the Ducker (level 5, -2/25 HPs)
             Began as a Felid Berserker on Nov 10, 2019.
             Was a Believer of Trog.
             Slain by a gnoll
             ... wielding a +0 whip
              (7 damage)
             ... on level 3 of the Dungeon.
             The game lasted 00:07:20 (3324 turns).

Descartes the Ducker (Felid Berserker)              Turns: 3324, Time: 00:07:21

Health: -2/25      AC:  1    Str: 14    XL:     5   Next: 84%
Magic:  6/6        EV: 21    Int:  8    God:    Trog [**....]
Gold:   118        SH:  0    Dex: 16    Spells: 4/4 levels left
                                        Lives:  0   Deaths: 1

rFire    . . .     SeeInvis +     - Unarmed
rCold    . . .     Gourm    .   (shield unavailable)
rNeg     . . .     Faith    .   (armour unavailable)
rPois    .         Spirit   .   (helmet unavailable)
rElec    .         Reflect  .   (cloak unavailable)
rCorr    .         Harm     .   (gloves unavailable)
MR       .....                  (boots unavailable)
Stlth    +++.......             (no amulet)
HPRegen  0.08/turn              (no ring)
MPRegen  0.10/turn              (no ring)

@: berserk cooldown, slowed, slow
A: very small, no armour, no weapons or thrown items, stealth, claws 1, fangs 3,
see invisible, carnivore, speed 1, shaggy fur 1, slow metabolism 1, sharp paws
a: Berserk, Trog's Hand, Renounce Religion


You were on level 3 of the Dungeon.
You worshipped Trog.
Trog was pleased with you.
You were very full.

You visited 1 branch of the dungeon, and saw 4 of its levels.

You collected 158 gold pieces.
You spent 40 gold pieces at shops.

Inventory:

Wands
 b - a wand of random effects (13)
Scrolls
 c - a scroll of magic mapping {unknown}
 d - a scroll of random uselessness {unknown}
 e - 3 scrolls of remove curse
 f - 2 scrolls of fear {unknown}
 h - 4 scrolls of teleportation {unknown}
 i - 2 scrolls of fog {unknown}
 j - a scroll of enchant armour {unknown}
 k - a scroll of enchant weapon {unknown}
 p - a scroll of blinking {unknown}
 t - a scroll of noise
Potions
 g - 4 potions of brilliance
 l - 2 potions of curing
 m - 2 potions of agility
 n - a potion of cancellation
 q - a potion of lignification
 r - a potion of flight
 s - 2 potions of magic
Comestibles
 a - 4 rations
 o - 2 chunks of flesh


   Skills:
 + Level 4.2 Fighting
 + Level 5.4 Dodging
 + Level 3.9 Stealth
 * Level 5.0 Unarmed Combat
 + Level 1.1 Evocations


You had 4 spell levels left.
You didn't know any spells.
Your spell library was empty.

Dungeon Overview and Level Annotations

Branches:
Dungeon (4/15)
 Temple: D:4-7

Altars:
Cheibriados

Shops:
D:4 *


Innate Abilities, Weirdness & Mutations

You cannot wear armour.
You are incapable of wielding weapons or throwing items.
Your paws allow you to move quietly. (Stealth)
You have sharp claws.
You have razor-sharp teeth.
You have supernaturally acute eyesight. (SInv)
You are carnivorous and can eat meat at any time.
You cover ground quickly.
You are covered in fur. (AC +1)
You have a slow metabolism.
Your sharp claws are effective at attacking unaware monsters.


Message History

Trog accepts your kill.
You are no longer berserk.
You are exhausted.
You feel yourself slow down.
There is a stone staircase leading up here.
The gnoll misses you. x2
You climb upwards.
There is a stone staircase leading down here.
You barely miss the gnoll. The gnoll hits you with a +0 whip!
* * * LOW HITPOINT WARNING * * *
You closely miss the gnoll. Your claw misses the gnoll. The gnoll misses you.
You scratch the gnoll.
The gnoll is lightly wounded.
The gnoll completely misses you. The gnoll misses you.
The gnoll barely misses you. The gnoll hits you with a +0 whip.
* * * LOW HITPOINT WARNING * * *
The gnoll closely misses you. The gnoll hits you with a +0 whip!
You die...

##'#.# #...#...#..#.##.# #......
.....###.......#..#.##.####......
..........................'......
...........##..#.<...#.####.(....
##+#.......##...<....#÷#..'......
#(#.................#.#.##....##
#.#.###...##........#.#.#.......
#>..........#####.###.#.#.######
###.###...)...g@......#.#.##....
#.# #...#.#####.#####.#.##.##.
#.# #._.........# #.#.##....
#.###......)....# #.#.####..
#.....###.......# #.#.......
######..........# #.#######.
#..........# #.......#.
#......###.# #..÷....##
#.......##.#####.......##


You could see a gnoll.

Vanquished Creatures
  A scorpion (D:4)
  A hound (D:4)
  A jelly (D:4)
  A centaur skeleton (D:4)
  2 worker ants (D:4)
  6 gnolls
  4 adders
  An ooze (D:3)
  2 adder skeletons (D:4)
  A worm (D:2)
  3 leopard geckos
  5 orcs (D:4)
  8 bats
  2 giant cockroaches (D:1)
  6 goblins
  9 hobgoblins
  8 jackals
  3 kobolds
  A quokka (D:3)
  A frilled lizard (D:1)
  A leopard gecko skeleton (D:4)
  10 rats
77 creatures vanquished.

Notes
Turn   | Place    | Note
-------+----------+-------------------------------------------
     0 | D:1      | Descartes the Felid Berserker began the quest for the Orb.
     0 | D:1      | Reached XP level 1. HP: 10/10 MP: 2/2
   234 | D:1      | Reached XP level 2. HP: 14/14 MP: 3/3
   262 | D:1      | Reached skill level 1 in Stealth
  1443 | D:2      | Reached XP level 3. HP: 17/17 MP: 4/4
  1457 | D:2      | Reached ** piety under Trog
  1594 | D:2      | Reached XP level 4. HP: 5/21 MP: 5/5
  2431 | D:3      | Found a snail-covered altar of Cheibriados.
  2765 | D:3      | Reached XP level 5. HP: 8/25 MP: 6/6
  2911 | D:4      | Reached skill level 5 in Dodging
  2979 | D:4      | Found Haciyll's General Store.
  2984 | D:4      | Bought a potion of curing for 30 gold pieces
  2984 | D:4      | Bought a scroll of noise for 10 gold pieces
  3206 | D:4      | Slain by a centaur skeleton
  3207 | D:4      | Reached XP level 4. HP: -1/22 MP: 5/5
  3216 | D:4      | Reached XP level 5. HP: 25/25 MP: 6/6
  3261 | D:4      | Reached skill level 1 in Evocations
  3292 | D:4      | Reached skill level 5 in Unarmed Combat
  3324 | D:3      | Slain by a gnoll

Levels and vault maps discovered:
D:1:      lemuel_arrival_behind_the_door_small, layout_loops_ring,
          serial_forest, infiniplex_forest_lined_ring,
          infiniplex_forest_clump_double, infiniplex_forest_straight_4,
          infiniplex_forest_straight_4, infiniplex_forest_lined_room_3,
          infiniplex_forest_diagonal, hangedman_feature_mirror
D:2:      layout_basic
D:3:      layout_basic, cheibriados_altar_1, eino_tiny_chamber
D:4:      layout_loops_ring, first_ration, serial_shops,
          nicolae_shop_waterfront, biasface_ghost_orc_armoury, minmay_bisected,
          uniq_sigmund

Skill      XL: |  1  2  3  4  5 |
---------------+----------------+-----
Stealth        | 1 2 3 |  3.9
Unarmed Combat | 4 5 |  5.0
Dodging        | 5 |  5.4
Fighting       | 4 |  4.2
Evocations     | 1 |  1.1

Action                   |  1- 3 |  4- 6 || total
-------------------------+-------+-------++-------
Melee: Unarmed           |    83 |   106 ||   189
       Bite              |     6 |     8 ||    14
Invok: Berserk           |     2 |     3 ||     5
       Trog's Hand       |       |     2 ||     2
  Use: Scroll            |       |     8 ||     8
 Stab: Sleeping          |     7 |    13 ||    20
       Distracted        |     1 |       ||     1
  Eat: Chunk             |    10 |    12 ||    22
Armor: Skin              |     2 |     2 ||     4
Dodge: Dodged            |    78 |    72 ||   150
